 Dungeon Crawl Stone Soup version 0.25-a0-316-gd28d56f9c5 (webtiles) character file.

Game seed: 13220787830759010744, levelgen mode: classic

31 Borgoz the Skirmisher (level 3, 0/23 HPs)
             Began as a Gargoyle Berserker on Dec 25, 2019.
             Was a Follower of Trog.
             Slain by a quokka (3 damage)
             ... on level 1 of the Dungeon.
             The game lasted 00:01:00 (1103 turns).

Borgoz the Skirmisher (Gargoyle Berserker)          Turns: 1103, Time: 00:01:01

Health: 0/23       AC:  8    Str: 20    XL:     3   Next: 22%
Magic:  3/3        EV: 11    Int:  7    God:    Trog [*.....]
Gold:   41         SH:  0    Dex: 10    Spells: 2/2 levels left

rFire    . . .     SeeInvis .   a - +0 mace
rCold    . . .     Gourm    .   (no shield)
rNeg     + . .     Faith    .   f - +0 ring mail
rPois    ∞         Spirit   .   (no helmet)
rElec    +         Reflect  .   (no cloak)
rCorr    .         Harm     .   (no gloves)
MR       .....                  (no boots)
Stlth    ..........             (no amulet)
HPRegen  0.07/turn              (no ring)
MPRegen  0.08/turn              (no ring)

@: berserk cooldown, slowed, very slow
A: negative energy resistance 1, electricity resistance, unbreathing,
petrification resistance, rot immunity, AC +3
a: Berserk, Renounce Religion


You were on level 1 of the Dungeon.
You worshipped Trog.
Trog was aware of your devotion.
You were hungry.

You visited 1 branch of the dungeon, and saw 2 of its levels.

You collected 41 gold pieces.

Inventory:

Hand Weapons
 a - a +0 mace (weapon)
Armour
 f - a +0 ring mail (worn)
Scrolls
 g - a scroll of identify {unknown}
 h - a scroll of immolation {unknown}
Potions
 d - a potion of berserk rage {unknown}
 e - a potion of curing {unknown}
 i - 2 potions of flight {unknown}
 j - a potion of heal wounds {unknown}
Comestibles
 c - a ration


   Skills:
 + Level 3.5 Fighting
 * Level 3.5 Maces & Flails
 + Level 2.4 Armour
 * Level 2.1 Dodging


You had 2 spell levels left.
You didn't know any spells.
Your spell library was empty.

Dungeon Overview and Level Annotations

Branches:
Dungeon (2/15)

Altars:


Innate Abilities, Weirdness & Mutations

You are resistant to torment.
Your stone body is resilient. (AC +3)
You are immune to poison.
You resist negative energy. (rN+)
You are resistant to electric shocks. (rElec)
You can survive without breathing.
You are immune to petrification.
You are immune to rotting.


Message History

The goblin barely misses you.
You climb upwards.
There is a stone staircase leading down here.
You barely miss the orc. The bat barely misses you.
The quokka bites you but does no damage.
The goblin hits you with a +0 club.
* * * LOW HITPOINT WARNING * * *
The hobgoblin barely misses you. The orc hits you with a +0 short sword.
* * * LOW HITPOINT WARNING * * *
The orc hits you but does no damage. The goblin hits you but does no damage.
The quokka barely misses you. The goblin hits you but does no damage.
The hobgoblin completely misses you. The orc hits you but does no damage.
The orc barely misses you.
You hit the orc but do no damage. The bat hits you but does no damage.
The quokka barely misses you. The bat hits you but does no damage.
The goblin hits you but does no damage. The hobgoblin misses you.
The orc hits you with a +0 short sword.
* * * LOW HITPOINT WARNING * * *
The goblin barely misses you. The quokka bites you.
You die...

.# #........#.# #.....# .#
#.#..[.###.####.##..# .#
#######+#....#.........#..##
##
#............#.#.####..#..#.
#............#.#....#..#....
#............#.####.#..#....
#............#......#..#....
#.........rgg###########....
#.........o@g.......# ♣....
#.........b#o######.# ♣....
############.#..#.# #.#
♣.... ................#.#
#.# ♣♣....
############.##.#.# #.#
♣..... ........#.......#.#
#.#♣♣.....
#######.#.##.####.#
#.#♣...... #...##.# #.#
#.#♣...... ######.# #.####
#.#♣......


You could see 2 orcs, a quokka, a hobgoblin, 2 goblins and a bat.

Vanquished Creatures
  An adder (D:2)
  3 leopard geckos
  An orc (D:2)
  5 goblins (D:1)
  2 hobgoblins (D:1)
  4 bats (D:1)
  A frilled lizard (D:1)
  2 kobolds (D:1)
19 creatures vanquished.

Notes
Turn   | Place    | Note
-------+----------+-------------------------------------------
     0 | D:1      | Borgoz the Gargoyle Berserker began the quest for the Orb.
     0 | D:1      | Reached XP level 1. HP: 14/14 MP: 1/1
   215 | D:1      | Reached XP level 2. HP: 19/19 MP: 2/2
  1096 | D:2      | Reached XP level 3. HP: 23/23 MP: 3/3
  1103 | D:1      | Slain by a quokka

Levels and vault maps discovered:
D:1:      sevenhm_arrival_forest_fort_large_4, layout_basic
D:2:      layout_rooms, first_ration, minmay_ruptured, uniq_terence,
          uniq_natasha

Skill      XL: |  1  2 |
---------------+-------+-----
Dodging        | 2 |  2.1
Fighting       | |  3.5
Maces & Flails | |  3.5
Armour         | |  2.4

Action                   || total
-------------------------++-------
Melee: Mace              ||    83
Invok: Berserk           ||     1
  Eat: Chunk             ||     1
Armor: Animal skin       ||    18
       Ring mail         ||    59
Dodge: Dodged            ||   129

Table legend:
 A = Non-vault XP
 B = Vault XP
 C = Vault XP percentage of total XP
 D = Non-vault monster count
 E = Vault monster count
 F = Vault count percentage of total count
                 A         B        C        D         E       F
            +---------+---------+-------+---------+---------+-------
      Total |      45 |       0 |   0.0 |      19 |       0 |   0.0
            +---------+---------+-------+---------+---------+-------
        D:1 |      26 |       0 |   0.0 |      16 |       0 |   0.0
        D:2 |      19 |       0 |   0.0 |       3 |       0 |   0.0
            +---------+---------+-------+---------+---------+-------
